 Dungeon Crawl Stone Soup version 0.30.0-5-g1a98f26d00 (webtiles) character file.

Game seed: 7172751072760078947

14 Jackthecabe the Vexing (level 2, 0/21 HPs)
             Began as a Demonspawn Hexslinger on May 9, 2023.
             Slain by a gnoll
             ... wielding a +0 club
              (8 damage)
             ... on level 1 of the Dungeon.
             The game lasted 00:01:15 (437 turns).

Jackthecabe the Vexing (Demonspawn Hexslinger)       Turns: 437, Time: 00:01:17

Health: 0/21       AC:  3    Str: 10    XL:     2   Next: 31%
Magic:  1/3        EV: 11    Int: 14    God:
Gold:   45         SH:  0    Dex: 13    Spells: 2/3 levels left

rFire   . . .        b - +0 dagger
rCold   . . .        (no shield)
rNeg    . . .        d - +0 leather armour
rPois   .            (no helmet)
rElec   .            (no cloak)
rCorr   .            (no gloves)
SInv    .            (no boots)
Will    .....        (no amulet)
Stlth   +            (no ring)
HPRegen 0.23/turn    (no ring)
MPRegen 0.08/turn

%: no passive effects
@: no status effects
A: hooves 1
a: no special abilities


You were on level 1 of the Dungeon.
You visited 1 branch of the dungeon, and saw 1 of its levels.

You collected 45 gold pieces.


Innate Abilities, Weirdness & Mutations

You have large cloven feet.


   Skills:
 - Level 1.0 Fighting
 + Level 2.7 Ranged Weapons
 - Level 1.7 Dodging
 - Level 1.0 Spellcasting
 - Level 3.0 Hexes


You had 2 spell levels left.
You knew the following spells:

 Your Spells              Type           Power      Damage    Failure   Level
s - Slow                  Hex            36%        N/A       11%         1

Your spell library contained the following spells:

 Spells                   Type           Power      Damage    Failure   Level
 Foxfire                  Conj/Fire      0%         2x1d4     34%         1
 Inner Flame              Hex/Fire       4%         N/A       50%         3
 Portal Projectile        Hex/Tloc       8%         N/A       50%         3
 Cause Fear               Hex            4%         N/A       71%         4

Inventory:

Hand Weapons
 a - a +1 sling
 b - a +0 dagger (weapon)
Missiles
 g - 6 boomerangs
Armour
 c - a +0 robe
 d - a +0 leather armour (worn)
Scrolls
 e - a scroll of poison
 f - a scroll of butterflies {unknown}
 h - a scroll of identify {unknown}
 j - a scroll of enchant weapon {unknown}
Potions
 i - a potion of degeneration {unknown}

Dungeon Overview and Level Annotations

Branches:
Dungeon (1/15)

Altars:

...#..........#..#.#
..#####.....#.#..#.#
..# ###..##.#..#..
### #..##.#..###
#########..##.######
..........>##..))..#
##################.#
...........###.#
...........g@..#
...............####
.........!..........
..............#####.
. ..............#
...####.......# ..
####....# . #....#
#....#


You could see a gnoll.


Message History

You kill the kobold!
No target in view!
No target in view!
Items here: ( ) ††.
Things that are here:
a +0 dagger; a kobold corpse The gnoll shouts!
The gnoll resists with significant effort.
The gnoll resists with significant effort.
The gnoll closely misses you.
You barely miss the gnoll. You kick the gnoll, but do no damage.
The gnoll hits you with a +0 club.
You hit the gnoll but do no damage. The gnoll completely misses you.
You hit the gnoll but do no damage. Your kick misses the gnoll.
The gnoll hits you with a +0 club.
You hit the gnoll. Your kick misses the gnoll.
The gnoll is moderately wounded.
The gnoll hits you with a +0 club.
You closely miss the gnoll.
The gnoll is moderately wounded.
The gnoll hits you with a +0 club.
* * * LOW HITPOINT WARNING * * *
You are too injured to fight recklessly!
You are too injured to fight recklessly!
You are too injured to fight recklessly!
You are too injured to fight recklessly!
You closely miss the gnoll.
The gnoll is moderately wounded.
The gnoll hits you with a +0 club!
You die...

Skill      XL: |  1 |
---------------+----+-----
Ranged Weapons | 2 |  2.7
Fighting       | |  1.0
Dodging        | |  1.7
Spellcasting   | |  1.0
Hexes          | |  3.0

Action                     || total
---------------------------++-------
  Melee: Dagger            ||    55
         Kick              ||     4
   Fire: Sling             ||     6
   Cast: Slow              ||     4
 Armour: Leather armour    ||    19
  Dodge: Dodged            ||    33

Levels and vault maps discovered:
D:1:      lordsloth_arrival_two_stooges, layout_basic,
          shapermc_ecumenical_altar_rom_forum

Notes
Turn   | Place    | Note
-------+----------+-------------------------------------------
     0 | D:1      | Jackthecabe the Demonspawn Hexslinger began the quest for
                  | the Orb.
     0 | D:1      | Reached XP level 1. HP: 15/15 MP: 2/2
    95 | D:1      | Reached skill level 2 in Ranged Weapons
   281 | D:1      | Gained mutation: You have large cloven feet. [demonic
                  | ancestry]
   281 | D:1      | Reached XP level 2. HP: 19/21 MP: 3/3
   324 | D:1      | Found a faded altar of an unknown god.
   333 | D:1      | Got Plato's Parchment of the Pyre
   437 | D:1      | Slain by a gnoll

Vanquished Creatures
  3 ball pythons (D:1)
  An endoplasm (D:1)
  A giant cockroach (D:1)
  2 goblins (D:1)
  2 hobgoblins (D:1)
  2 kobolds (D:1)
  A bat (D:1)
  A frilled lizard (D:1)
13 creatures vanquished.

Table legend: (Time is in decaauts)
 A = Elapsed time spent in this place.
 B = Non-inter-level travel time spent in this place.
 C = Inter-level travel time spent in this place.
 D = Time resting spent in this place.
 E = Time spent auto-exploring this place.
 F = Levels seen in this place.
 G = Mean time per level.
                   A        B        C        D        E       F      G
               +--------+--------+--------+--------+--------+-----+--------+
         Total |    437 |    418 |     19 |     37 |    223 |   1 |  437.0 |
       Dungeon |    437 |    418 |     19 |     37 |    223 |   1 |  437.0 |
               +--------+--------+--------+--------+--------+-----+--------+

Top non-repeatable levels by time:
     D:1: 437 daAuts

Table legend:
 A = Non-vault XP
 B = Vault XP
 C = Vault XP percentage of total XP
 D = Non-vault monster count
 E = Vault monster count
 F = Vault count percentage of total count
                 A         B        C        D         E       F
            +---------+---------+-------+---------+---------+-------
      Total |      21 |       0 |   0.0 |      13 |       0 |   0.0
            +---------+---------+-------+---------+---------+-------
        D:1 |      21 |       0 |   0.0 |      13 |       0 |   0.0
            +---------+---------+-------+---------+---------+-------
